 Dungeon Crawl Stone Soup version 0.27.1-3-gb3d3a73c9e (webtiles) character file.

Game seed: 14799535358206657136

377 vatarom the Grave Robber (level 6, -1/46 HPs)
             Began as a Demonspawn Necromancer on Oct 10, 2021.
             Succumbed to a kobold brigand's curare-tipped dart
             ... on level 4 of the Dungeon on Oct 11, 2021.
             The game lasted 00:10:07 (6788 turns).

vatarom the Grave Robber (Demonspawn Necromancer)   Turns: 6788, Time: 00:10:07

Health: -1/46      AC:  3    Str: 10    XL:     6   Next: 45%
Magic:  11/11      EV: 12    Int: 17    God:
Gold:   134        SH:  4    Dex: 19    Spells: 2/11 levels left

rFire    . . .     SeeInvis +   b - +2 dagger (venom)
rCold    . . .     Faith    .   (no shield)
rNeg     . . .     Spirit   .   a - +0 robe
rPois    .         Reflect  .   l - +0 helmet
rElec    .         Harm     .   (no cloak)
rCorr    .         Rampage  .   (no gloves)
Will     .....                  (no boots)
Stlth    ++........             (no amulet)
HPRegen  0.15/turn              i - ring of see invisible
MPRegen  0.12/turn              h - +6 ring of dexterity

@: lethally poisoned (-1 -> -8), slowed, very slow
A: powered by death 1, condensation shield
a: no special abilities


You were on level 4 of the Dungeon.
You visited 1 branch of the dungeon, and saw 4 of its levels.

You collected 134 gold pieces.

Inventory:

Hand Weapons
 b - a +2 dagger of venom (weapon)
Missiles
 c - 67 stones
Armour
 a - a +0 robe (worn)
 l - a +0 helmet (worn)
Jewellery
 h - a +6 ring of dexterity (right hand)
 i - a ring of see invisible (left hand)
Scrolls
 g - a scroll of fog
 j - a scroll of brand weapon
Potions
 e - a potion of magic


   Skills:
 + Level 2.6 Fighting
 + Level 2.0 Short Blades
 - Level 1.7 Dodging
 - Level 1.7 Stealth
 + Level 3.4 Spellcasting
 * Level 6.5 Necromancy


You had 2 spell levels left.
You knew the following spells:

 Your Spells              Type           Power      Damage    Failure   Level
a - Pain                  Necr           100%       1d9       1%          1
d - Vampiric Draining     Necr           12%        2d7       3%          3
n - Animate Dead          Necr           12%        N/A       12%         4
v - Animate Skeleton      Necr           50%        N/A       1%          1

Your spell library contained the following spells:

 Spells                   Type           Power      Damage    Failure   Level
 Agony                    Necr           25%        N/A       32%         5


Dungeon Overview and Level Annotations

Branches:
Dungeon (4/15)
 Temple: D:4-7

Altars:
Ashenzari
Elyvilon
Fedhas
Gozag
Makhleb
Zin

Annotations:
D:3 Grinder, Purgy


Innate Abilities, Weirdness & Mutations

You regenerate a little health from kills.
A meltable shield of frost defends you. (SH +4)


Message History

Casting: Vampiric Draining (dangerous; 3% risk of failure)
Confirm with . or Enter, or press ? or * to list all spells.
Aiming: Vampiric Draining (dangerous; 3% risk of failure)
Press: ? - help, Shift-Dir - straight line, f/p - kobold brigand
Aim: a kobold brigand, wielding a +0 short sword and quivering curare-tipped darts (moderately wounded)
You draw life force from the kobold brigand!
You feel life coursing into your body!
The gnoll hits you from afar with a +0 spear.
Your gnoll skeleton barely misses the goblin.
The kobold brigand hits you with a +0 short sword.
Unknown command.
Casting: Vampiric Draining (dangerous; 3% risk of failure)
Confirm with . or Enter, or press ? or * to list all spells.
Aiming: Vampiric Draining (dangerous; 3% risk of failure)
Press: ? - help, Shift-Dir - straight line, f/p - kobold brigand
Aim: a kobold brigand, wielding a +0 short sword and quivering curare-tipped darts (severely wounded)
You draw life force from the kobold brigand.
You feel life coursing into your body. The gnoll hits you but does no damage.
The kobold brigand hits you but does no damage.
Your gnoll skeleton hits the goblin with a +0 whip.
The goblin dies!
Unknown command.
Your gnoll skeleton hits the gnoll with a +0 whip.
There is an open door here.
You hit the kobold brigand but do no damage.
The kobold brigand is almost dead.
You block the kobold brigand's attack.
You closely miss the kobold brigand.
The kobold brigand is almost dead.
The gnoll hits you but does no damage.
The kobold brigand hits you with a +0 short sword!
* * * LOW HITPOINT WARNING * * *
The kobold brigand throws a curare-tipped dart.
The curare-tipped dart hits you.
You are poisoned.
You have difficulty breathing.
* * * LOW HITPOINT WARNING * * *
You feel yourself slow down. Magic courses through your body.
You die...

#...#..........
#...#..........+
#...#...)......# #...# #'#
#...# #...# #Z# #...#
#...###'####...#
#.....gK..##...#
#.........##...#
##.....@..##...#########
#.....>..'.............
#####........##############
##...#........#
#.............#
#...##........#
#.P.##..).....#
#.P.##........#
#.P.##........#


You could see a kobold brigand (ally target), a gnoll and a friendly gnoll
skeleton.

Vanquished Creatures
  2 jellies
  2 iguanas (D:3)
  3 orc wizards
  8 gnolls
  An adder (D:2)
  An ufetubus (D:3)
  3 worms
  2 dart slugs (D:2)
  6 orcs
  8 endoplasms
  4 giant cockroaches
  7 goblins
  5 hobgoblins
  7 jackals
  7 kobolds
  2 quokkas
  3 ball pythons
  6 bats
  4 frilled lizards
  7 rats
88 creatures vanquished.

Vanquished Creatures (collateral kills)
  A goblin (D:4)
  A ball python (D:3)
2 creatures vanquished.

Grand Total: 90 creatures vanquished

Notes
Turn   | Place    | Note
-------+----------+-------------------------------------------
     0 | D:1      | vatarom the Demonspawn Necromancer began the quest for the
                  | Orb.
     0 | D:1      | Reached XP level 1. HP: 13/13 MP: 3/3
     7 | D:1      | Learned a level 1 spell: Animate Skeleton
    14 | D:1      | Found a faded altar of an unknown god.
   460 | D:1      | Gained mutation: A meltable shield of frost defends you.
                  | (SH +4) [demonic ancestry]
   460 | D:1      | Reached XP level 2. HP: 18/19 MP: 3/5
  1652 | D:1      | Reached skill level 5 in Necromancy
  1652 | D:1      | Reached XP level 3. HP: 24/25 MP: 6/6
  1972 | D:2      | Reached skill level 1 in Fighting
  2415 | D:2      | Found a blossoming altar of Fedhas.
  2988 | D:2      | Reached XP level 4. HP: 28/32 MP: 5/8
  3408 | D:2      | Reached skill level 1 in Short Blades
  4239 | D:3      | Reached XP level 5. HP: 22/38 MP: 4/9
  4415 | D:3      | HP: 1/38 [iguana (14)]
  4637 | D:3      | Learned a level 3 spell: Vampiric Draining
  4642 | D:3      | Learned a level 4 spell: Animate Dead
  4844 | D:3      | Found a burning altar of Makhleb.
  5430 | D:3      | Noticed Grinder
  5509 | D:3      | Noticed Purgy
  5968 | D:3      | Found a broken altar of Ashenzari.
  5972 | D:3      | Saw a vision of the Shoals and the Snake Pit.
  5972 | D:3      | Noticed a salamander
  5972 | D:3      | Noticed a wind drake
  5972 | D:3      | Noticed a merfolk siren
  5972 | D:3      | Noticed a mana viper
  5972 | D:3      | Noticed a sea snake
  5972 | D:3      | Noticed a merfolk siren
  5972 | D:3      | Noticed a sea snake
  5972 | D:3      | Noticed a merfolk
  5972 | D:3      | Noticed a merfolk
  5972 | D:3      | Noticed a salamander
  5974 | D:3      | Noticed a salamander
  5974 | D:3      | Noticed an anaconda
  5976 | D:3      | Noticed a naga mage
  6016 | D:3      | Found an opulent altar of Gozag.
  6082 | D:4      | Reached skill level 6 in Necromancy
  6123 | D:3      | Gained mutation: You regenerate a little health from kills.
                  | [demonic ancestry]
  6123 | D:3      | Reached XP level 6. HP: 11/45 MP: 10/10
  6787 | D:4      | HP: 2/46 [asphyx]
  6788 | D:4      | Succumbed to a kobold brigand's curare-tipped dart

Illustrated notes

Levels and vault maps discovered:
D:1:      evilmike_arrival_crescent, layout_loops_corners,
          chequers_ecumenical_altar_simple_redux
D:2:      layout_loops_corners, basic_altar, roderic_serpentine_path,
          minivault_24, minmay_strange_pillars
D:3:      layout_loops_corners, mainiacjoe_overflow_swirl,
          grunt_ashenzari_visionary [grunt_ashenzari_visionary_shoals,
          grunt_ashenzari_visionary_snake], mainiacjoe_overflow_brackets,
          serial_park_tiny_pond, minmay_increasing_density, uniq_grinder,
          uniq_purgy
D:4:      layout_basic, mainiacjoe_overflow_boulevard, serial_shops, shop

Skill      XL: |  1  2  3  4  5  6 |
---------------+-------------------+-----
Necromancy     | 5 6 |  6.5
Fighting       | 1 2 |  2.6
Short Blades   | 1 2 |  2.0
Spellcasting   | 3 |  3.4
Dodging        | |  1.7
Stealth        | |  1.7

Action                   |  1- 3 |  4- 6 || total
-------------------------+-------+-------++-------
Melee: Unarmed           |    16 |       ||    16
       Dagger            |    47 |   119 ||   166
 Cast: Pain              |    49 |    36 ||    85
       Animate Skeleton  |    10 |     4 ||    14
       Animate Dead      |       |     1 ||     1
       Vampiric Draining |       |     6 ||     6
  Use: Scroll            |     1 |     3 ||     4
       Potion            |       |     4 ||     4
 Stab: Sleeping          |     1 |     6 ||     7
Armor: Robe              |    15 |    26 ||    41
Dodge: Dodged            |    47 |    72 ||   119
Block: Other             |    22 |    15 ||    37
